 Dungeon Crawl Stone Soup version 0.31-a0-1074-g0b22e4e0f1 (webtiles) character file.

Game seed: 17687680299139687372

787 lunkers the Martial Artist (level 8, -4/59 HPs)
             Began as a Meteoran Shapeshifter on Nov 28, 2023.
             Was an Initiate of Uskayaw.
             Killed themself with a badly aimed iceblast (8 damage)
             ... on level 5 of the Dungeon.
             The game lasted 00:06:07 (1827 turns).

lunkers the Martial Artist (Meteoran Shapeshifter)  Turns: 1827, Time: 00:06:07

Health: -4/59      AC:  5    Str: 15    XL:     8   Next: 33%
Magic:  3/12       EV: 11    Int: 18    God:    Uskayaw [......]
Gold:   203        SH:  0    Dex: 16    Spells: 7/7 levels left

rFire   + .          .
                       - Unarmed
rCold   . . .        (no shield)
rNeg    . . .        e - +0 ring mail
rPois   .            (helmet currently unavailable)
rElec   .            (cloak currently unavailable)
rCorr   .            (gloves currently unavailable)
SInv    .            (boots currently unavailable)
Will    +....        (no amulet)
Stlth   +            l - ring of protection from fire
HPRegen 0.29/turn    h - +6 ring of intelligence
MPRegen 0.13/turn

%: no passive effects
@: beast-form, glowing
A: beast (slay +3), sense surroundings 1, otherworldly, glowing, explore regen
a: Begin Untransformation, Renounce Religion


You were on level 5 of the Dungeon.
You worshipped Uskayaw.
Uskayaw was noncommittal.
You were a hulking beast.
You visited 1 branch of the dungeon, and saw 5 of its levels.

You collected 203 gold pieces.

Inventory:

Missiles
 j - 2 throwing nets
Armour
 a - a +1 animal skin
 e - a +0 ring mail (worn)
Jewellery
 h - a +6 ring of intelligence (right hand)
 l - a ring of protection from fire (left hand)
Talismans
 c - a beast talisman
 d - a flux talisman
Wands
 k - a wand of iceblast (4)
Scrolls
 f - 2 scrolls of butterflies
 g - 2 scrolls of identify
 n - a scroll of blinking
 q - a scroll of enchant armour
Potions
 b - a potion of lignification
 i - a potion of might
 m - 3 potions of heal wounds
 o - 2 potions of haste


   Skills:
 - Level 1.1 Fighting
 - Level 2.1 Dodging
 * Level 8.3 Unarmed Combat
 + Level 4.5 Invocations
 + Level 6.0 Shapeshifting


You had 7 spell levels left.
You didn't know any spells.
Your spell library contained the following spells:

 Spells                   Type           Power      Damage    Failure   Level
 Apportation              Tloc           0%         N/A       41%         1
 Sting                    Tmut/Pois      0%         1d3       41%         1
 Jinxbite                 Hex            0%         N/A       54%         2
 Lesser Beckoning         Tloc           0%         N/A       54%         2
 Alistair's Intoxication  Tmut/Pois      0%         N/A       100%        5
 Yara's Violent Unravell  Hex/Tmut       0%         3d3       100%        5
 Conjure Ball Lightning   Conj/Air       0%         3x3d6     100%        6
 Discord                  Hex            0%         N/A       100%        8
 Disjunction              Tloc           0%         N/A       100%        8


Dungeon Overview and Level Annotations

Branches:
Dungeon (5/15) Zot: 1199
 Temple: D:4-7

Altars:
Trog
Uskayaw

Annotations:
D:5 Menkaure


Innate Abilities, Weirdness & Mutations

You are a hulking beast.
Your limbs bulge with bestial killing power. (Slay +3)
You passively map a small area around you.
You are easily found by Zot.
You glow in the dark.
You regain HP and MP as you explore.


Message History

You stomp with the beat, sending a shockwave through the revellers around you!
The orc priest is severely wounded.
The howler monkey is moderately wounded.
You can no longer stomp with the beat.
The orc priest hits you with a +1 dagger of distortion.
* * * LOW HITPOINT WARNING * * *
Space warps around you.
* * * LOW HITPOINT WARNING * * *
The howler monkey closely misses you. Something hits you but does no damage.
You can now stomp with the beat.
You stomp with the beat, sending a shockwave through the revellers around you!
You kill the orc priest!
The howler monkey is heavily wounded.
You can no longer stomp with the beat.
The howler monkey barely misses you. Something hits you but does no damage.
You can now stomp with the beat.
Unknown command.
Unknown command.
Unknown command.
You closely miss the howler monkey.
The howler monkey is heavily wounded.
The howler monkey hits you.
* * * LOW HITPOINT WARNING * * *
Something hits you but does no damage.
You stomp with the beat, sending a shockwave through the revellers around you!
The howler monkey is severely wounded.
You can no longer stomp with the beat.
The howler monkey barely misses you. Something hits you.
* * * LOW HITPOINT WARNING * * *
Unknown command.
Okay, then.
Okay, then.
Unknown command.
Unknown command.
Aiming: Iceblast
Press: ? - help, Shift-Dir - straight line The mass of ice explodes!
The iceblast engulfs something!
Reactivating autopickup.
You feel a bit more experienced. The iceblast engulfs you!
You die...

* ,, #......##..#
#.......#).## * , , ,
+.......#...# ,
#.......#...##### , ,
#......###<.....## ,
,#......'.##.###..#
,#####...##.##.# ##)# ,
, #+#...#'#.#..##.####.>
, #...)h..###...........
,
#......h)...#####.##.#..
##.........## #....###
+.[...M...+ ###### # *
##.......## , #.......#
, * ####'#### #. *


You could see Menkaure and a howler monkey.

Vanquished Creatures
  Eustachio (D:5)
  An ogre (D:5)
  2 scorpions (D:4)
  3 hounds
  2 orc priests
  A gnoll bouda (D:4)
  2 orc wizards
  2 iguanas (D:4)
  5 gnolls (D:4)
  6 adders
  A shadow imp (D:5)
  2 worms
  3 dart slugs
  3 orcs
  4 endoplasms
  2 giant cockroaches (D:3)
  11 goblins
  8 hobgoblins
  5 kobolds
  A quokka (D:2)
  2 ball pythons (D:4)
  6 bats
  2 frilled lizards
  4 rats
79 creatures vanquished.

Vanquished Creatures (others)
  An arcanist (D:3)
1 creature vanquished.

Grand Total: 80 creatures vanquished

Notes
Turn   | Place    | Note
-------+----------+-------------------------------------------
     0 | D:1      | lunkers the Meteoran Shapeshifter began the quest for the
                  | Orb.
     0 | D:1      | Reached XP level 1. HP: 16/16 MP: 2/2
    95 | D:1      | Found a faded altar of an unknown god.
   135 | D:1      | Reached XP level 2. HP: 18/23 MP: 3/3
   141 | D:1      | Reached skill level 4 in Unarmed Combat
   190 | D:1      | Got Boceriur's Dissertation on the Mutagenic Wayfarer
   357 | D:1      | Reached XP level 3. HP: 25/28 MP: 4/4
   503 | D:1      | Glimpsed the power of Zot.
   583 | D:2      | Found a hide-covered altar of Uskayaw.
   594 | D:2      | Reached XP level 4. HP: 35/35 MP: 5/5
   608 | D:2      | Became a worshipper of Uskayaw the Reveller
   656 | D:2      | Reached * piety under Uskayaw
   659 | D:2      | Reached ** piety under Uskayaw
   660 | D:2      | Reached skill level 5 in Unarmed Combat
   970 | D:3      | Reached XP level 5. HP: 40/40 MP: 6/6
  1102 | D:3      | Reached skill level 1 in Invocations
  1135 | D:3      | Found a bloodstained altar of Trog.
  1136 | D:3      | Noticed an arcanist
  1141 | D:3      | Killed an arcanist
  1200 | D:3      | Reached *** piety under Uskayaw
  1205 | D:3      | Reached **** piety under Uskayaw
  1209 | D:3      | Reached skill level 6 in Unarmed Combat
  1209 | D:3      | Reached XP level 6. HP: 10/47 MP: 6/8
  1370 | D:4      | Reached skill level 5 in Shapeshifting
  1444 | D:4      | Reached XP level 7. HP: 48/52 MP: 8/10
  1482 | D:4      | Reached skill level 7 in Unarmed Combat
  1673 | D:4      | Reached ***** piety under Uskayaw
  1767 | D:5      | Entered Level 5 of the Dungeon
  1777 | D:5      | Reached XP level 8. HP: 9/59 MP: 7/12
  1783 | D:5      | Noticed Eustachio
  1795 | D:5      | Killed Eustachio
  1796 | D:5      | Reached skill level 8 in Unarmed Combat
  1822 | D:5      | Noticed Menkaure
  1827 | D:5      | Killed themself with a badly aimed iceblast

Illustrated notes

Levels and vault maps discovered:
D:1:      wander_arrival_desolate, layout_basic, basic_ecumenical_altar,
          kennysheep_crisscross, minmay_heptomino_o4
D:2:      minmay_evil_eye, layout_rooms, basic_altar, minmay_statues_item
D:3:      layout_loops_ring, trog_wizard, kennysheep_cluttered_room
D:4:      layout_cave_pools, nicolae_houndstooth_variations
D:5:      nicolae_cairo_tiling_very_big, layout_rooms, portal_sewer_entry_f,
          uniq_menkaure, uniq_grinder, uniq_sigmund, uniq_eustachio, uniq_ijyb

Skill      XL: |  1  2  3  4  5  6  7  8 |
---------------+-------------------------+-----
Unarmed Combat | 4 5 6 7 8 |  8.3
Shapeshifting  | 4 5 6 |  6.0
Invocations    | 1 2 4 |  4.5
Fighting       | |  1.1
Dodging        | |  2.1

Action                     |  1- 3 |  4- 6 |  7- 9 || total
---------------------------+-------+-------+-------++-------
  Melee: Unarmed           |    69 |   105 |    60 ||   234
         Punch             |     1 |     2 |     6 ||     9
 Invoke: Stomp             |       |     1 |     7 ||     8
    Use: Scroll            |       |     6 |     5 ||    11
         Potion            |       |       |     1 ||     1
   Stab: Distracted        |     1 |       |       ||     1
         Paralysed         |       |     1 |     2 ||     3
 Armour: Animal skin       |    39 |    17 |       ||    56
         Ring mail         |       |    47 |    40 ||    87
         Skin              |       |       |     9 ||     9
  Dodge: Dodged            |    50 |    69 |    28 ||   147

Table legend: (Time is in decaauts)
 A = Elapsed time spent in this place.
 B = Non-inter-level travel time spent in this place.
 C = Inter-level travel time spent in this place.
 D = Time resting spent in this place.
 E = Time spent auto-exploring this place.
 F = Levels seen in this place.
 G = Mean time per level.
                   A        B        C        D        E       F      G
               +--------+--------+--------+--------+--------+-----+--------+
         Total |   1800 |   1800 |      0 |     12 |   1145 |   5 |  360.0 |
       Dungeon |   1800 |   1800 |      0 |     12 |   1145 |   5 |  360.0 |
               +--------+--------+--------+--------+--------+-----+--------+

Top non-repeatable levels by time:
     D:3: 574 daAuts
     D:1: 503 daAuts
     D:4: 456 daAuts
     D:2: 209 daAuts
     D:5: 57 daAuts
